[Event "Titled Tuesday Blitz March 28 Early 2023"]
[White "Melaugh, Shane"]
[Black "Janaszak, Dawid"]
[WhiteFideId "2509580"]
[BlackFideId "1119206"]
[WhiteElo "2034"]
[BlackElo "2220"]
[Result "1-0"]
[Round "06"]
[TimeControl "180+2"]
[Date "2023.03.28"]
[WhiteClock "0:01:08"]
[BlackClock "0:00:09"]

1. c4 e6 2. e4 d5 3. cxd5 exd5 4. Qb3 Nf6 5. e5 Ne4 6. d4 Nc6 7. Nf3 Bb4+ 8. Bd2 Bxd2+ 9. Nbxd2 Nxd2 10. Kxd2 O-O 11. Bd3 f6 12. Rhe1 fxe5 13. dxe5 Bg4 14. Rad1 Bxf3 15. gxf3 Nd4 16. Bxh7+ Kxh7 17. Qd3+ Nf5 18. e6 Qg5+ 19. Kc2 Rae8 20. Re5 g6 21. Qxd5 Qh4 22. Kb1 Ne7 23. Qxb7 Qxf2 24. Qxc7 Qxf3 25. Rd7 Qh1+ 26. Kc2 Qxh2+ 27. Kb3 Rb8+ 28. Ka4 Qf4+ 29. Ka5 Qb4+ 30. Ka6 Qb6+ 31. Qxb6 Rxb6+ 32. Kxa7 Rb3 33. Rxe7+ Kh6 34. axb3 1-0


[Site "https://www.chess.com"]

[Event "Titled Tuesday Blitz March 28 Early 2023"]
[White "Titichoca Daza, Daniel"]
[Black "Kuzmin, Roman"]
[WhiteFideId "3309550"]
[BlackFideId "44134932"]
[WhiteElo "2095"]
[BlackElo "2146"]
[Result "1-0"]
[Round "06"]
[TimeControl "180+2"]
[Date "2023.03.28"]
[WhiteClock "0:00:38"]
[BlackClock "0:00:02"]

1. d4 Nf6 2. c4 e6 3. Nc3 d5 4. Bg5 Nbd7 5. e3 c6 6. f4 Qa5 7. a3 dxc4 8. Bxf6 Nxf6 9. Bxc4 c5 10. Bb5+ Bd7 11. Bxd7+ Nxd7 12. d5 O-O-O 13. Nf3 Nf6 14. Ne5 Nxd5 15. Nxf7 Be7 16. Qg4 Kb8 17. O-O Nxe3 18. Qxe6 Bf6 19. Nxh8 Nxf1 20. Nf7 Rc8 21. Nd6 Bd4+ 22. Kxf1 Qa6+ 23. Ncb5 Rf8 24. Ke1 Qa5+ 25. b4 cxb4 26. Nxd4 b3+ 27. Ke2 b2 28. Qe7 1-0


[Site "https://www.chess.com"]

[Event "Titled Tuesday Blitz March 28 Early 2023"]
[White "Alahakoon, Isuru"]
[Black "Toropov, Pavel"]
[WhiteFideId "9900993"]
[BlackFideId "24129178"]
[WhiteElo "1995"]
[BlackElo "2182"]
[Result "0-1"]
[Round "06"]
[TimeControl "180+2"]
[Date "2023.03.28"]
[WhiteClock "0:00:02"]
[BlackClock "0:00:07"]

1. Nf3 d5 2. e3 Nf6 3. c4 c6 4. d4 Bf5 5. cxd5 cxd5 6. Nc3 a6 7. Ne5 g6 8. Qb3 Bc8 9. e4 Bg7 10. Nxd5 Nxd5 11. Qxd5 Qxd5 12. exd5 Nd7 13. Nxd7 Bxd7 14. Be3 O-O 15. Be2 Bb5 16. Bf3 Rfd8 17. Rc1 Rac8 18. Rxc8 Rxc8 19. Kd2 b6 20. Rc1 Rxc1 21. Kxc1 Kf8 22. b3 Bf1 23. g3 Ke8 24. Kd2 Kd7 25. a4 h5 26. Be4 Bf6 27. Bd3 Bxd3 28. Kxd3 b5 29. axb5 axb5 30. Kc3 Kc7 31. Kb4 Kb6 32. Kc3 Kc7 33. Bf4+ Kb6 34. Kd3 Ka5 35. d6 exd6 36. Bxd6 Kb6 37. Ke4 Kc6 38. Be5 Be7 39. h3 f5+ 40. Kf4 Kd5 41. g4 fxg4 42. hxg4 h4 43. Kf3 g5 44. Ke3 Bd8 45. f4 gxf4+ 46. Kxf4 Be7 47. g5 h3 48. Kg4 h2 49. Bxh2 Kxd4 0-1


[Site "https://www.chess.com"]

[Event "Titled Tuesday Blitz March 28 Early 2023"]
[White "Koellner, Ruben Gideon"]
[Black "Buscar, Michael"]
[WhiteFideId "12993093"]
[BlackFideId "2603616"]
[WhiteElo "2303"]
[BlackElo "2010"]
[Result "1-0"]
[Round "06"]
[TimeControl "180+2"]
[Date "2023.03.28"]
[WhiteClock "0:00:20"]
[BlackClock "0:00:31"]

1. d4 Nf6 2. Nf3 e6 3. Nbd2 b6 4. e4 d6 5. Bd3 Bb7 6. O-O Nbd7 7. c3 c5 8. a4 a6 9. Qe2 Be7 10. Rd1 cxd4 11. cxd4 O-O 12. Nf1 Rc8 13. Ng3 a5 14. Bd2 Qc7 15. h4 Qb8 16. h5 Qa8 17. h6 g6 18. Re1 Nb8 19. Bg5 Rfe8 20. e5 Bxf3 21. gxf3 dxe5 22. dxe5 Nd5 23. Bxe7 Rxe7 24. Qd2 Nc6 25. Qg5 Ncb4 26. Be4 Qa7 27. Nh5 Kf8 28. Nf6 Nxf6 29. Qxf6 Ke8 30. Red1 Nd5 31. Bxd5 exd5 32. Rxd5 Rec7 33. Rad1 Qa8 34. Qh8+ Ke7 35. Qxh7 Rc1 36. Rd7+ Ke6 37. Qxf7+ Kxe5 38. Rd5+ Qxd5 39. Qxd5+ Kf6 40. Kg2 R8c5 41. Qd4+ Kg5 42. Rxc1 1-0


[Site "https://www.chess.com"]

[Event "Titled Tuesday Blitz March 28 Early 2023"]
[White "Melian, Juan Sebastian"]
[Black "Skaric, Djuro"]
[WhiteFideId "3706575"]
[BlackFideId "934569"]
[WhiteElo "2031"]
[BlackElo "2282"]
[Result "1-0"]
[Round "06"]
[TimeControl "180+2"]
[Date "2023.03.28"]
[WhiteClock "0:01:55"]
[BlackClock "0:01:58"]

1. d4 d6 2. e4 g6 3. Nc3 Bg7 4. Be3 Nf6 5. f3 Nc6 6. Nge2 O-O 7. Qd2 e5 8. O-O-O Nh5 9. g4 Nf4 10. Bxf4 exf4 11. Qxf4 Qh4 12. Qg3 Qxg3 13. hxg3 a6 14. g5 Ne7 15. Bh3 Bxh3 16. Rxh3 c6 17. Rdh1 h5 18. gxh6 Bf6 19. f4 Kh7 20. e5 dxe5 21. dxe5 Bh8 22. Ne4 f6 23. exf6 Bxf6 24. Rd1 Rfe8 25. Nxf6+ 1-0


[Site "https://www.chess.com"]

[Event "Titled Tuesday Blitz March 28 Early 2023"]
[White "Krsnik Cohar, Ivan Vihor"]
[Black "Rosenberg, Evan S"]
[WhiteFideId "14520044"]
[BlackFideId "2019299"]
[WhiteElo "2414"]
[BlackElo "2325"]
[Result "1-0"]
[Round "06"]
[TimeControl "180+2"]
[Date "2023.03.28"]
[WhiteClock "0:00:58"]
[BlackClock "0:00:17"]

1. e4 e5 2. Nf3 Nc6 3. d4 exd4 4. Bc4 Nf6 5. O-O Nxe4 6. Re1 d5 7. Bxd5 Qxd5 8. Nc3 Qd7 9. Rxe4+ Be7 10. Nxd4 Nxd4 11. Rxd4 Qc6 12. Nd5 Bd6 13. Bf4 Be6 14. Bxd6 cxd6 15. Qe2 Qc5 16. Rad1 O-O 17. b4 Bg4 18. Rxg4 Rfe8 19. Qxe8+ Rxe8 20. bxc5 Re1+ 21. Rxe1 1-0


[Site "https://www.chess.com"]

[Event "Titled Tuesday Blitz March 28 Early 2023"]
[White "EdmundPlayer"]
[Black "Cori T., Deysi"]
[BlackFideId "3801934"]
[WhiteElo "2239"]
[BlackElo "2292"]
[Result "0-1"]
[Round "06"]
[TimeControl "180+2"]
[Date "2023.03.28"]
[WhiteClock "0:00:02"]
[BlackClock "0:01:07"]

1. e4 e6 2. d4 d5 3. Nc3 Nf6 4. Bg5 Be7 5. e5 Nfd7 6. h4 a6 7. Nh3 c5 8. dxc5 Nc6 9. Bd3 Ncxe5 10. Qe2 Nxd3+ 11. cxd3 d4 12. Ne4 f6 13. Bd2 Nxc5 14. Nxc5 O-O 15. Nxe6 Bxe6 16. Qxe6+ Kh8 17. O-O Re8 18. Qg4 Qb6 19. b3 a5 20. Nf4 Bd6 21. Rfe1 Be5 22. h5 Qd6 23. Nh3 Qf8 24. Bf4 f5 25. Qg3 Bf6 26. Be5 Qb4 27. Kf1 Re6 28. Bxf6 Rxf6 29. Re2 Raf8 30. Rae1 f4 31. Qf3 Qb5 32. Ng5 Qxg5 33. Re5 Qh4 34. Kg1 b6 35. Re8 h6 36. R1e4 Qg5 37. R8e5 Rf5 38. Rxf5 Qxf5 39. Rxd4 Qe5 40. Qe4 Qxh5 41. Rd5 Qd1+ 42. Kh2 f3 43. gxf3 Qd2 44. Kg2 Qxa2 45. f4 Qd2 46. f5 Qg5+ 47. Kf3 Qh5+ 48. Ke3 Qg5+ 49. f4 Qg1+ 50. Kd2 Rc8 51. Qd4 Qc1+ 52. Ke2 Rc2+ 53. Kf3 Qf1+ 54. Kg4 Rg2+ 55. Kh5 Qh1# 0-1


[Site "https://www.chess.com"]

[Event "Titled Tuesday Blitz March 28 Early 2023"]
[White "Shtompel, Yuriy"]
[Black "Hajiyev, Kanan"]
[WhiteFideId "14168278"]
[BlackFideId "13404148"]
[WhiteElo "1844"]
[BlackElo "2103"]
[Result "1/2-1/2"]
[Round "06"]
[TimeControl "180+2"]
[Date "2023.03.28"]
[WhiteClock "0:00:25"]
[BlackClock "0:00:11"]

1. e4 c6 2. d4 d5 3. e5 c5 4. dxc5 e6 5. Nf3 Bxc5 6. Bd3 Ne7 7. O-O Ng6 8. Qe2 Nc6 9. c3 Qc7 10. Re1 a5 11. Na3 Bxa3 12. bxa3 O-O 13. h4 Bd7 14. h5 Nge7 15. Bg5 h6 16. Bd2 f5 17. exf6 Rxf6 18. c4 d4 19. Qe4 Raf8 20. Qh7+ Kf7 21. Re4 Nf5 22. Rg4 Ke8 23. Bxf5 Rxf5 24. Rxg7 R5f7 25. Re1 Bc8 26. Bxh6 Rxg7 27. Qxg7 Qxg7 28. Bxg7 Rf5 29. h6 Rh5 30. g4 Rh3 31. Kg2 Rxf3 32. Kxf3 Kf7 33. Be5 Bd7 34. h7 Nxe5+ 35. Rxe5 Kg7 36. Rh5 Kh8 37. Ke4 e5 38. Kxe5 d3 39. Rh1 Bc6 40. Rd1 Kxh7 41. Rxd3 Kg6 42. Rd6+ Kg5 43. Rxc6 bxc6 44. Kd6 Kxg4 45. Kxc6 Kf3 46. Kb6 Kxf2 47. c5 Ke3 48. Kxa5 Kd4 49. Kb6 Kc4 50. c6 Kd5 51. c7 Kc4 52. c8=Q+ Kd4 53. a4 Kd5 54. a5 Ke5 55. a6 Kd4 56. a7 Kd3 57. a8=Q Kd2 58. Qab7 Ke3 59. Qbd7 Kf4 60. Qce8 Kg5 61. Qdf7 Kh6 62. Qeg8 1/2-1/2


[Site "https://www.chess.com"]

[Event "Titled Tuesday Blitz March 28 Early 2023"]
[White "Maxfan2008"]
[Black "hsd2016"]
[WhiteElo "2423"]
[BlackElo "1991"]
[Result "1-0"]
[Round "06"]
[TimeControl "180+2"]
[Date "2023.03.28"]
[WhiteClock "0:02:11"]
[BlackClock "0:00:16"]

1. d4 d5 2. c4 c6 3. Nc3 Nf6 4. e3 dxc4 5. Bxc4 e6 6. Nf3 Be7 7. O-O O-O 8. e4 c5 9. d5 exd5 10. Nxd5 Nxd5 11. Bxd5 Qc7 12. Be3 Nc6 13. Rc1 b6 14. b4 Ba6 15. bxc5 Bxf1 16. cxb6 axb6 17. Rxc6 Qd7 18. Qxf1 Rxa2 19. Rxb6 Ra7 20. Ne5 Qc7 21. Nxf7 Rxf7 22. Rc6 Qd7 23. Bxa7 Qxa7 24. Rc8+ Bf8 25. Bxf7+ Kxf7 26. Qc4+ 1-0


[Site "https://www.chess.com"]

[Event "Titled Tuesday Blitz March 28 Early 2023"]
[White "Harriott, Tyrell"]
[Black "Kosakowski, Jakub"]
[WhiteFideId "2086484"]
[BlackFideId "1185080"]
[WhiteElo "2107"]
[BlackElo "2488"]
[Result "0-1"]
[Round "06"]
[TimeControl "180+2"]
[Date "2023.03.28"]
[WhiteClock "0:00:58"]
[BlackClock "0:01:01"]

1. d4 Nf6 2. e3 e6 3. Bd3 c5 4. f4 Nc6 5. c3 b6 6. Nf3 Bb7 7. O-O d6 8. a3 Be7 9. Qe2 O-O 10. e4 d5 11. e5 Ne4 12. Nbd2 cxd4 13. cxd4 f5 14. exf6 Bxf6 15. Nxe4 dxe4 16. Qxe4 Bxd4+ 17. Kh1 g6 18. Qxe6+ Kh8 19. Ng5 Bg7 20. Bxg6 Qxg5 21. Bd3 Nd4 22. Qh3 Qh6 23. Qg3 Bf6 24. f5 Qg7 25. Qh3 Rg8 26. Rf2 Rae8 27. Bh6 Qg4 28. Qxg4 Rxg4 29. Bc4 Bh4 30. Rd2 Nxf5 31. h3 Rxc4 0-1


[Site "https://www.chess.com"]

[Event "Titled Tuesday Blitz March 28 Early 2023"]
[White "Korchmar, Vasiliy"]
[Black "Leve, Nitai"]
[WhiteFideId "24131750"]
[BlackFideId "2006898"]
[WhiteElo "2370"]
[BlackElo "2144"]
[Result "1-0"]
[Round "06"]
[TimeControl "180+2"]
[Date "2023.03.28"]
[WhiteClock "0:01:23"]
[BlackClock "0:01:58"]

1. e4 d5 2. exd5 Nf6 3. d4 Bg4 4. Be2 Bxe2 5. Qxe2 Qxd5 6. Nf3 Nc6 7. c4 Qf5 8. O-O O-O-O 9. d5 Nb4 10. a3 Nc2 11. Ra2 e6 12. b3 Nd4 13. Nxd4 Qxb1 14. Rc2 exd5 15. Bf4 Qxf1+ 16. Kxf1 Bc5 17. cxd5 Nxd5 18. Rxc5 Nxf4 19. Qg4+ Ne6 20. Nxe6 fxe6 21. Qxe6+ Kb8 22. g3 1-0


[Site "https://www.chess.com"]

[Event "Titled Tuesday Blitz March 28 Early 2023"]
[White "Zubritskiy, Artyom"]
[Black "Valgmae, Toomas"]
[WhiteFideId "4181247"]
[BlackFideId "4502523"]
[WhiteElo "2419"]
[BlackElo "2170"]
[Result "0-1"]
[Round "06"]
[TimeControl "180+2"]
[Date "2023.03.28"]
[WhiteClock "0:00:01"]
[BlackClock "0:01:49"]

1. d4 d5 2. c4 c6 3. Nf3 Nf6 4. Qc2 Bg4 5. Ne5 Bh5 6. cxd5 Nxd5 7. g4 Bg6 8. Nxg6 hxg6 9. e3 e6 10. Bg2 g5 11. Nd2 Bd6 12. h3 Nd7 13. Nc4 Bc7 14. Bd2 Qf6 15. Rf1 O-O-O 16. O-O-O Kb8 17. Kb1 N7b6 18. Na5 e5 19. dxe5 Bxe5 20. f4 gxf4 21. exf4 Nxf4 22. Bxf4 Rxd1+ 23. Qxd1 Bxf4 24. Qc2 g5 25. a3 Rd8 26. Rd1 Nd5 27. Nc4 Qe6 28. Be4 a6 29. Bf5 Qe7 0-1


[Site "https://www.chess.com"]

[Event "Titled Tuesday Blitz March 28 Early 2023"]
[White "Meunier-Pion, Jean"]
[Black "Hardaway, Brewington"]
[WhiteFideId "20685327"]
[BlackFideId "30941849"]
[WhiteElo "2124"]
[BlackElo "2159"]
[Result "0-1"]
[Round "06"]
[TimeControl "180+2"]
[Date "2023.03.28"]
[WhiteClock "0:00:18"]
[BlackClock "0:00:24"]

1. d4 d5 2. c4 e6 3. Nf3 Nf6 4. Bg5 Be7 5. e3 c6 6. Nc3 Nbd7 7. Qc2 h6 8. Bf4 O-O 9. Rc1 b6 10. Bd3 Bb7 11. O-O dxc4 12. Bxc4 b5 13. Bb3 Rc8 14. Qe2 b4 15. Na4 Qa5 16. Rfd1 c5 17. dxc5 Bc6 18. Qc2 Bxa4 19. Bxa4 Rxc5 20. Qb3 Rxc1 21. Rxc1 Nc5 22. Rxc5 Qxc5 23. h3 Qd5 24. Nd4 Qxb3 25. Bxb3 Rc8 26. Kh2 Nd5 27. Bg3 Bf6 28. Nb5 a6 29. Nd6 Rc6 30. e4 Nb6 31. e5 Be7 32. Bf4 a5 33. Kg3 a4 34. Bd1 a3 35. bxa3 bxa3 36. Bb3 Rc3+ 37. Be3 Nd7 38. Nc4 Bc5 39. Kf4 Bxe3+ 40. Nxe3 Nc5 41. Bc4 g5+ 42. Kf3 Rc1 43. Ke2 Rb1 44. Nd1 Nd7 45. Bd3 Rb4 46. Kd2 Nxe5 47. Bc2 Rb8 48. Kc3 Kg7 49. Ne3 f5 50. Nd1 Kf6 51. g3 f4 52. gxf4 gxf4 53. f3 Nxf3 54. Nf2 Rc8+ 55. Kd3 Ne1+ 56. Ke2 Rxc2+ 57. Kxe1 Rxf2 58. Kxf2 e5 59. Kf3 Kf5 60. h4 e4+ 61. Ke2 Kg4 62. h5 Kxh5 63. Kf2 Kg4 64. Kg2 h5 65. Kf1 h4 66. Kg1 e3 67. Kh1 Kf5 68. Kh2 Ke4 69. Kg2 Kd3 70. Kf1 Kd2 71. Kg2 e2 72. Kh3 e1=Q 73. Kg2 Qg3+ 74. Kh1 Qg4 75. Kh2 f3 76. Kh1 Qg2# 0-1


[Site "https://www.chess.com"]

[Event "Titled Tuesday Blitz March 28 Early 2023"]
[White "Khumalo, Keith"]
[Black "Melikhov, Evgeny V."]
[WhiteFideId "14319470"]
[BlackFideId "4122046"]
[WhiteElo "2056"]
[BlackElo "2158"]
[Result "1-0"]
[Round "06"]
[TimeControl "180+2"]
[Date "2023.03.28"]
[WhiteClock "0:00:44"]
[BlackClock "0:00:06"]

1. d4 Nf6 2. c4 e6 3. Nf3 d5 4. g3 dxc4 5. Bg2 Nc6 6. O-O Rb8 7. e3 b5 8. Qe2 Bd6 9. Rd1 Qe7 10. a4 a6 11. axb5 axb5 12. Nc3 O-O 13. e4 e5 14. Bg5 Nb4 15. Ra7 Rb7 16. Rxb7 Bxb7 17. Nxb5 Nd3 18. b3 exd4 19. Nfxd4 Qe5 20. Bxf6 Qxf6 21. bxc4 Nc5 22. Nf5 Be5 23. f4 Bb2 24. g4 Qb6 25. Qxb2 Nd3+ 26. Qd4 Qxd4+ 27. Nfxd4 Nxf4 28. Bf3 c5 29. Nb3 Rc8 30. Nxc5 g5 31. Nxb7 Rxc4 32. N7d6 Rc2 33. Kf1 Nh3 34. Be2 Nf4 35. Nd4 Ra2 36. N6f5 h5 37. gxh5 1-0


[Site "https://www.chess.com"]

[Event "Titled Tuesday Blitz March 28 Early 2023"]
[White "Ingebretsen, Jens E"]
[Black "Pasti, Aron"]
[WhiteFideId "1522965"]
[BlackFideId "785857"]
[WhiteElo "2213"]
[BlackElo "2173"]
[Result "0-1"]
[Round "06"]
[TimeControl "180+2"]
[Date "2023.03.28"]
[WhiteClock "0:00:12"]
[BlackClock "0:00:13"]

1. d4 d5 2. Nf3 Nf6 3. g3 Bf5 4. Bg2 e6 5. O-O c5 6. c3 Nc6 7. a4 Be7 8. Na3 O-O 9. Bf4 Rc8 10. Nh4 Be4 11. f3 Bg6 12. Nxg6 hxg6 13. Be3 cxd4 14. cxd4 Qb6 15. Rb1 e5 16. Nc2 exd4 17. Bf2 Bc5 18. b4 Nxb4 19. Nxb4 Bxb4 20. Bxd4 Qa5 21. Qb3 Bc5 22. Rfd1 Bxd4+ 23. Rxd4 Rfe8 24. e3 Rc3 25. Qxb7 Rcxe3 26. h4 Qc5 27. Qb4 Re1+ 28. Kh2 Qxb4 29. Rdxb4 R1e2 30. R1b2 Rxb2 31. Rxb2 d4 32. Rd2 Rd8 33. Bf1 Rd5 34. Bc4 Rd6 35. Kg2 Nd7 36. Rb2 d3 37. Rd2 Ne5 38. Bb5 a6 39. f4 axb5 40. fxe5 Rc6 41. Rxd3 bxa4 42. Rd8+ Kh7 43. Ra8 Rc4 44. Ra7 Kg8 45. Ra8+ Kh7 46. Kf3 Rc3+ 47. Kf4 Ra3 48. Ra7 Kg8 49. Ra8+ Kh7 50. Ra7 Ra1 51. Kg4 Re1 52. Rxf7 Rxe5 53. Ra7 Re4+ 54. Kg5 Rb4 55. Ra8 Rb3 56. g4 a3 57. Ra5 Rc3 58. Ra6 Rb3 59. Ra5 Rc3 60. Rb5 a2 61. Ra5 Rc2 62. Kf4 Rc4+ 63. Kg3 Rc3+ 64. Kf4 Rc2 65. Ra8 Rf2+ 66. Ke3 Rh2 67. Kf3 Rxh4 68. Rxa2 Rh3+ 69. Kf4 Rh1 70. Ra8 Rf1+ 71. Kg3 Kh6 72. Ra6 Rg1+ 73. Kh3 Rh1+ 74. Kg3 Rg1+ 75. Kf3 Rf1+ 76. Kg2 Rb1 77. Ra8 Kg5 78. Ra4 Rb3 79. Kf2 Kh4 80. Ra6 g5 81. Ra4 Rg3 82. Ra8 Kxg4 83. Rg8 Rf3+ 84. Kg2 Rf7 85. Ra8 Kh4 86. Rh8+ Kg4 87. Ra8 Rb7 88. Rg8 Rb2+ 89. Kf1 Kf3 90. Rf8+ Kg3 91. Rg8 g4 92. Rxg7 Rb1+ 93. Ke2 Kh3 94. Rh7+ Kg2 95. Rg7 g3 96. Rg8 Rb7 97. Rg6 Re7+ 98. Kd2 Kf2 99. Rf6+ Kg1 100. Rg6 g2 101. Rg8 Rh7 102. Ke2 Kh2 103. Kf2 Rf7+ 104. Ke2 g1=Q 105. Rh8+ Kg2 106. Rg8+ Kh1 107. Rh8+ Qh2+ 108. Rxh2+ Kxh2 109. Ke1 Kg3 0-1


[Site "https://www.chess.com"]

[Event "Titled Tuesday Blitz March 28 Early 2023"]
[White "Senft, Sean"]
[Black "Sielecki, Christof"]
[WhiteFideId "2044960"]
[BlackFideId "4620437"]
[WhiteElo "1989"]
[BlackElo "2443"]
[Result "1-0"]
[Round "06"]
[TimeControl "180+2"]
[Date "2023.03.28"]
[WhiteClock "0:00:10"]
[BlackClock "0:00:04"]

1. e4 c5 2. Nc3 a6 3. f4 b5 4. g3 Bb7 5. Bg2 e6 6. d3 d5 7. Nf3 b4 8. Ne2 dxe4 9. dxe4 Qxd1+ 10. Kxd1 Bxe4 11. Be3 Nf6 12. h3 Nc6 13. Ke1 Be7 14. Kf2 Bxc2 15. Ne5 Ne4+ 16. Ke1 Nxe5 17. fxe5 Rd8 18. Rc1 Bd3 19. Nf4 Nxg3 20. Bc6+ Kf8 21. Rg1 Nf5 22. Bxc5 Bxc5 23. Rxc5 Nd4 24. Nxd3 g5 25. Rxg5 h6 26. Rg4 h5 27. Rg5 Rg8 28. Rxg8+ Kxg8 29. Be4 a5 30. Nf4 h4 31. Nh5 Kf8 32. Nf6 a4 33. Rc4 b3 34. Rxa4 Nc2+ 35. Kf2 Rd2+ 36. Kf3 Ne1+ 37. Kg4 bxa2 38. Rxa2 Ng2 39. Ra8+ Kg7 40. Rg8+ Kh6 41. Bxg2 Rxg2+ 42. Kxh4 Rxb2 43. Ng4+ Kh7 44. Rf8 Kg7 45. Rc8 Rb4 46. Rc3 Rf4 47. Kg3 Re4 48. Rf3 Re1 49. h4 Rg1+ 50. Kf4 Ra1 51. h5 Ra5 52. Kg5 f5 53. h6+ Kh7 54. Nf6+ Kh8 55. Rc3 Ra8 56. Rc7 Ra7 57. Rxa7 1-0


[Site "https://www.chess.com"]

[Event "Titled Tuesday Blitz March 28 Early 2023"]
[White "Annaberdiyev, Meylis"]
[Black "Rios Escobar, Adan"]
[WhiteFideId "14000563"]
[BlackFideId "3403645"]
[WhiteElo "2416"]
[BlackElo "2416"]
[Result "1-0"]
[Round "06"]
[TimeControl "180+2"]
[Date "2023.03.28"]
[WhiteClock "0:00:42"]
[BlackClock "0:00:01"]

1. e4 c5 2. Nf3 d6 3. d4 cxd4 4. Qxd4 Nc6 5. Bb5 Bd7 6. Bxc6 Bxc6 7. Nc3 e5 8. Qd3 h6 9. O-O Nf6 10. Rd1 Be7 11. Nh4 b5 12. Nf5 b4 13. Nd5 Bxd5 14. exd5 g6 15. Nxe7 Kxe7 16. a3 a5 17. Bd2 Rb8 18. axb4 axb4 19. Ra6 Qd7 20. Re1 Qb5 21. Ra7+ Nd7 22. Qh3 Rb7 23. Bg5+ f6 24. Qe6+ Kd8 25. Bxf6+ Kc8 26. Ra8+ Kc7 27. Rxh8 Kb6 28. Qxd6+ 1-0


[Site "https://www.chess.com"]

[Event "Titled Tuesday Blitz March 28 Early 2023"]
[White "Shvedova, Alexandra"]
[Black "MKlose11"]
[WhiteFideId "54154782"]
[WhiteElo "2057"]
[BlackElo "2566"]
[Result "1-0"]
[Round "06"]
[TimeControl "180+2"]
[Date "2023.03.28"]
[WhiteClock "0:01:40"]
[BlackClock "0:00:15"]

1. e4 e6 2. d4 d5 3. Nd2 Be7 4. Ngf3 Nf6 5. e5 Nfd7 6. Bd3 c5 7. c3 Nc6 8. O-O a5 9. a4 cxd4 10. cxd4 Nb4 11. Bb5 b6 12. Nb1 Ba6 13. Nc3 Bxb5 14. Nxb5 O-O 15. Bd2 Rc8 16. Bc3 f6 17. Qe2 fxe5 18. Nxe5 Nxe5 19. Qxe5 Rc6 20. Qe2 Qd7 21. Rfe1 Bf6 22. g3 Qf7 23. Bxb4 axb4 24. Rac1 Rfc8 25. Nd6 Rxc1 26. Nxf7 Rxe1+ 27. Qxe1 Kxf7 28. Qxb4 Rc4 29. Qxb6 Rxa4 30. Qc7+ Kg6 31. Qc2+ Kf7 32. Qxa4 1-0


[Site "https://www.chess.com"]

[Event "Titled Tuesday Blitz March 28 Early 2023"]
[White "Priyanka Nutakki"]
[Black "Kozelov, Roman"]
[WhiteFideId "25049615"]
[BlackFideId "14133377"]
[WhiteElo "2256"]
[BlackElo "2149"]
[Result "1-0"]
[Round "06"]
[TimeControl "180+2"]
[Date "2023.03.28"]
[WhiteClock "0:02:19"]
[BlackClock "0:01:41"]

1. d4 Nf6 2. Nf3 e6 3. Bf4 b6 4. e3 Bb7 5. Bd3 c5 6. O-O Be7 7. h3 O-O 8. Nbd2 d5 9. c3 Nbd7 10. Qe2 a6 11. a4 c4 12. Bc2 b5 13. e4 dxe4 14. Nxe4 Nxe4 15. Bxe4 Bxe4 16. Qxe4 Nf6 17. Qe2 h6 18. Ne5 Qb6 19. Bh2 Rfd8 20. Qf3 Rd5 21. axb5 Qxb5 22. Ra2 a5 23. Rfa1 Ra7 24. Qe2 Bd6 25. Qxc4 Bxe5 26. Qc8+ Kh7 27. Bxe5 Nd7 28. c4 Nb6 29. Qf8 Rxe5 30. cxb5 Rxb5 31. b4 a4 32. Qd6 1-0


[Site "https://www.chess.com"]

[Event "Titled Tuesday Blitz March 28 Early 2023"]
[White "Lenaerts, Lennert"]
[Black "Vedder, Richard"]
[WhiteFideId "211435"]
[BlackFideId "1004166"]
[WhiteElo "2334"]
[BlackElo "2168"]
[Result "1-0"]
[Round "06"]
[TimeControl "180+2"]
[Date "2023.03.28"]
[WhiteClock "0:00:19"]
[BlackClock "0:00:17"]

1. d4 d5 2. c4 dxc4 3. Nf3 Nf6 4. e3 e6 5. Bxc4 c5 6. O-O Nc6 7. dxc5 Bxc5 8. a3 O-O 9. b4 Be7 10. Bb2 b6 11. Nbd2 Bb7 12. Qe2 Rc8 13. Rac1 Qd6 14. Rfd1 Qb8 15. e4 Rfd8 16. h3 Nd7 17. Ba2 Nce5 18. Nxe5 Nxe5 19. Nf3 Nxf3+ 20. Qxf3 Rxd1+ 21. Rxd1 Rd8 22. Rxd8+ Qxd8 23. Qg3 Bf8 24. Qe3 Qd1+ 25. Kh2 Bd6+ 26. e5 Bc7 27. Bb3 Qd7 28. Bc2 Qd5 29. f3 f6 30. Bb3 Qd7 31. Kh1 f5 32. Qc3 Kf7 33. Qc2 g6 34. Qc1 Kg7 35. Kh2 Bb8 36. Qg5 Qf7 37. h4 Bc7 38. h5 a5 39. Bd4 axb4 40. axb4 b5 41. Kh3 Bd5 42. Bxd5 exd5 43. e6+ 1-0


[Site "https://www.chess.com"]

[Event "Titled Tuesday Blitz March 28 Early 2023"]
[White "Pham, Le Thao Nguyen"]
[Black "Iljin, Timofey"]
[WhiteFideId "12401226"]
[BlackFideId "14110180"]
[WhiteElo "2282"]
[BlackElo "2397"]
[Result "0-1"]
[Round "06"]
[TimeControl "180+2"]
[Date "2023.03.28"]
[WhiteClock "0:00:01"]
[BlackClock "0:00:51"]

1. Nf3 f5 2. g3 Nf6 3. Bg2 g6 4. O-O Bg7 5. c4 O-O 6. d4 d6 7. Nc3 Qe8 8. d5 Na6 9. Nd4 Nc5 10. b4 Nce4 11. Bb2 Nxc3 12. Bxc3 Bd7 13. Ne6 Bxe6 14. dxe6 c6 15. b5 Qc8 16. bxc6 bxc6 17. Rc1 Qxe6 18. Bxf6 Qxf6 19. Bxc6 Rac8 20. Bd5+ e6 21. Bf3 e5 22. Bd5+ Kh8 23. Qa4 Rc7 24. Rcd1 g5 25. Rb1 h5 26. Rb3 e4 27. Qa5 Re7 28. Rfb1 f4 29. Qe1 e3 30. fxe3 fxe3 31. Rb7 Rxb7 32. Rxb7 Qd4 33. Re7 Qf6 34. Re6 Qf5 35. Rxd6 h4 36. Re6 Be5 37. Rh6+ Kg7 0-1


[Site "https://www.chess.com"]

[Event "Titled Tuesday Blitz March 28 Early 2023"]
[White "Seletsky, Grigory"]
[Black "Fiorito, Joaquin"]
[WhiteFideId "14112191"]
[BlackFideId "180173"]
[WhiteElo "2490"]
[BlackElo "2157"]
[Result "0-1"]
[Round "06"]
[TimeControl "180+2"]
[Date "2023.03.28"]
[WhiteClock "0:00:15"]
[BlackClock "0:00:13"]

1. e4 c6 2. d4 d5 3. Nc3 dxe4 4. Nxe4 Nf6 5. Nxf6+ exf6 6. c3 Bd6 7. Bd3 O-O 8. Qc2 Re8+ 9. Ne2 h5 10. Bd2 Nd7 11. O-O-O b5 12. h3 Nb6 13. Rdg1 Be6 14. Kb1 Bc4 15. Nf4 Bxf4 16. Bxf4 Qd5 17. Bxc4 Nxc4 18. g4 Re4 19. Bc1 Rae8 20. gxh5 Qxh5 21. Rg2 Re2 22. Qd3 g6 23. Rhg1 f5 24. Rg5 Qh4 25. Qxf5 Qe4+ 26. Qxe4 R8xe4 27. f4 Re1 28. f5 Rxg1 29. Rxg1 Kg7 30. fxg6 fxg6 31. b3 Nd6 32. Rg2 Nf5 33. Kc2 Re3 34. Bb2 Rxh3 35. Rd2 Kf7 36. c4 bxc4 37. bxc4 Ne3+ 38. Kc1 Nxc4 39. Rf2+ Ke6 40. Rg2 Rh1+ 41. Kc2 Ne3+ 0-1


[Site "https://www.chess.com"]

[Event "Titled Tuesday Blitz March 28 Early 2023"]
[White "Staudenhocker43"]
[Black "Estremera Panos, Sergio"]
[BlackFideId "2200864"]
[WhiteElo "2540"]
[BlackElo "2253"]
[Result "1-0"]
[Round "06"]
[TimeControl "180+2"]
[Date "2023.03.28"]
[WhiteClock "0:02:13"]
[BlackClock "0:02:00"]

1. e4 c5 2. Nf3 Nc6 3. Bb5 Nf6 4. e5 Nd5 5. O-O Nc7 6. Bxc6 dxc6 7. h3 g6 8. Re1 Bg7 9. d3 Ne6 10. Be3 O-O 11. Qd2 b6 12. Nc3 Qc7 13. Bh6 Rd8 14. Bxg7 Nxg7 15. Ne4 Bf5 16. b3 Bxe4 17. Rxe4 e6 18. Rae1 Rd5 19. g4 Rad8 20. Qh6 f5 21. exf6 Ne8 22. Rxe6 Nd6 23. Re7 1-0


[Site "https://www.chess.com"]

[Event "Titled Tuesday Blitz March 28 Early 2023"]
[White "Silva Lucena, Cristian"]
[Black "Kozin, Yuri"]
[WhiteFideId "2232588"]
[BlackFideId "4129920"]
[WhiteElo "2223"]
[BlackElo "2517"]
[Result "1-0"]
[Round "06"]
[TimeControl "180+2"]
[Date "2023.03.28"]
[WhiteClock "0:00:13"]
[BlackClock "0:00:05"]

1. d4 d5 2. c4 c6 3. Nf3 Nf6 4. g3 g6 5. Bg2 Bg7 6. O-O dxc4 7. Ne5 Ng4 8. Nxg4 Bxg4 9. Be3 Nd7 10. Nc3 Nb6 11. Qd2 O-O 12. Rfd1 Re8 13. a4 a5 14. Bh6 Bh8 15. d5 cxd5 16. Nxd5 Nxd5 17. Bxd5 Qc7 18. Rac1 Rad8 19. Qc2 Qb6 20. Bxc4 Bf5 21. e4 Be6 22. Bxe6 Qxe6 23. Bd2 Rc8 24. Qb1 b6 25. Be3 Qb3 26. Rxc8 Rxc8 27. Rd7 Bf6 28. Qd1 Qe6 29. Bh6 Re8 30. Rd8 Qc6 31. Qd5 Qxa4 32. b3 Qa1+ 33. Kg2 1-0


[Site "https://www.chess.com"]